 Dungeon Crawl Stone Soup version 0.27-a0-828-g8289197e94 (webtiles) character file.

Game seed: 7492884616995811469

268 polve the Changer (level 6, -5/47 HPs)
             Began as a Draconian Transmuter on Mar 30, 2021.
             Slain by a gnoll
             ... wielding a +0 whip
              (9 damage)
             ... on level 6 of the Dungeon.
             The game lasted 00:05:37 (3249 turns).

polve the Changer (Draconian Transmuter)            Turns: 3249, Time: 00:05:38

Health: -5/47      AC:  6    Str: 13    XL:     6   Next: 0%
Magic:  9/9        EV: 12    Int: 15    God:
Gold:   126        SH:  0    Dex: 11    Spells: 8/9 levels left

rFire    . . .     SeeInvis .     - Unarmed
rCold    . . .     Faith    .   (no shield)
rNeg     . . .     Spirit   .   (armour unavailable)
rPois    .         Reflect  .   (helmet restricted)
rElec    .         Harm     .   (no cloak)
rCorr    .         Rampage  .   (no gloves)
Will     .....                  (no boots)
Stlth    +.........             (no amulet)
HPRegen  0.15/turn              (no ring)
MPRegen  0.11/turn              (no ring)

@: mighty, berserk cooldown, slowed, very slow
A: AC +6, unfitting armour, cold-blooded
a: no special abilities


You were on level 6 of the Dungeon.
You visited 1 branch of the dungeon, and saw 4 of its levels.

You collected 126 gold pieces.

Inventory:

Jewellery
 c - a +4 ring of evasion
Scrolls
 a - 4 scrolls of identify {unknown}
 f - a scroll of teleportation {unknown}
 g - a scroll of amnesia {unknown}
 h - a scroll of magic mapping {unknown}
 j - a scroll of blinking {unknown}
 l - a scroll of immolation {unknown}
Potions
 d - a potion of curing {unknown}
 i - 2 potions of ambrosia {unknown}
 k - a potion of brilliance {unknown}


   Skills:
 - Level 1.1 Fighting
 - Level 1.7 Dodging
 - Level 3.0 Unarmed Combat
 - Level 2.0 Spellcasting
 + Level 6.3 Transmutations


You had 8 spell levels left.
You knew the following spells:

 Your Spells              Type           Power      Damage    Failure   Level
a - Beastly Appendage     Tmut           40%        N/A       1%          1

Your spell library contained the following spells:

 Spells                   Type           Power      Damage    Failure   Level
 Wereblood                Tmut           20%        N/A       2%          2
 Spider Form              Tmut/Pois      5%         N/A       19%         3
 Hydra Form               Tmut           10%        N/A       41%         5
 Ice Form                 Ice/Tmut       11%        N/A       52%         4


Dungeon Overview and Level Annotations

Branches:
Dungeon (3/15)

Altars:
Qazlal


Innate Abilities, Weirdness & Mutations

Your plain brown scales are hard. (AC +6)
You cannot fit into any form of body armour.
You are cold-blooded and may be slowed by cold attacks.


Message History

You hit the gnoll.
You kill the gnoll!
The gnoll hits you with a +0 whip.
You have reached level 6!
Your experience leads to an increase in your attributes!
Increase (S)trength, (I)ntelligence, or (D)exterity?
You feel clever.
Your scales feel tougher.
You completely miss the gnoll. The gnoll barely misses you.
You hit the gnoll.
Your tail-slap misses the gnoll.
The gnoll is moderately wounded.
You barely miss the gnoll.
The gnoll is moderately wounded.
The gnoll hits you with a +0 whip.
You closely miss the gnoll.
The gnoll is moderately wounded.
The gnoll hits you with a +0 whip!
You punch the gnoll!
The gnoll is severely wounded.
You are no longer berserk.
You are exhausted.
You feel yourself slow down.
The gnoll shouts!
You hit the gnoll but do no damage.
The gnoll is severely wounded.
You hear a shout!
The gnoll hits you with a +0 whip.
* * * LOW HITPOINT WARNING * * *
The gnoll closely misses you.
A gnoll comes into view. It is wielding a +0 whip.
The gnoll barely misses you.
There is an open door here.
The gnoll hits you with a +0 whip.
* * * LOW HITPOINT WARNING * * *
The gnoll hits you with a +0 whip.
* * * LOW HITPOINT WARNING * * *
You hear the rapid rusting of a distant drain.
It was a potion of might.
You feel very mighty all of a sudden. The gnoll hits you with a +0 whip!
You die...

#†##.##..###.#...#
#.##.##......##...
#.##.##.#######.##
#.......## #.#
#........# ##'##
#.##.###.# ##...#
#.##.###.# ##.....
#.##..##.###......
#@##....)##.......
#g#.g.............
#gg.......####.###
#####...'##≈≈### #
##..#≈≈≈≈≈≈+ #
##.#≈≈≈≈≈≈+ #
#.'##≈≈### #
#...####.###
#.#.).......


You could see 3 gnolls.

Vanquished Creatures
  An orc priest (D:6)
  A gnoll shaman (D:6)
  An iguana (D:6)
  Robin (D:2)
  5 gnolls
  3 adders
  A river rat (D:6)
  A white imp (D:6)
  A worm (D:2)
  4 dart slugs
  2 orcs (D:6)
  5 ball pythons
  4 bats (D:1)
  2 endoplasms
  4 giant cockroaches
  9 goblins
  14 hobgoblins
  2 quokkas
  3 frilled lizards
  3 kobolds
  3 rats
70 creatures vanquished.

Notes
Turn   | Place    | Note
-------+----------+-------------------------------------------
     0 | D:1      | polve the Draconian Transmuter began the quest for the Orb.
     0 | D:1      | Reached XP level 1. HP: 16/16 MP: 3/3
    94 | D:1      | Reached XP level 2. HP: 18/23 MP: 5/5
   250 | D:1      | Reached skill level 3 in Transmutations
   877 | D:1      | Reached XP level 3. HP: 28/28 MP: 4/6
  1426 | D:2      | Noticed Robin
  1665 | D:2      | Reached skill level 4 in Transmutations
  1669 | D:2      | Killed Robin
  1809 | D:2      | Reached XP level 4. HP: 35/35 MP: 5/7
  1869 | D:2      | Reached skill level 5 in Transmutations
  2262 | D:2      | Reached XP level 5. HP: 39/40 MP: 6/8
  2464 | D:2      | Found a stormy altar of Qazlal.
  2585 | D:3      | You fall into a shaft and drop 3 floors!
  2799 | D:6      | Reached skill level 6 in Transmutations
  3233 | D:6      | Reached XP level 6. HP: 36/47 MP: 9/9
  3249 | D:6      | Slain by a gnoll

Illustrated notes

Levels and vault maps discovered:
D:1:      evilmike_arrival_rings, layout_loops_ring, minmay_tetromino_s4
D:2:      layout_loops_ring, lemuel_coloured_pillars_altar,
          chequers_serial_rivers_small_a, uniq_robin
D:3:      layout_basic, uniq_terence
D:6:      layout_loops_corners, grunt_temple_overflow_opulence,
          kennysheep_okawaru_gauntlet, minmay_temple_entry_nine_rooms,
          gup_sewer_entry_bowl

Skill      XL: |  1  2  3  4  5 |
---------------+----------------+-----
Transmutations | 3 4 5 6 |  6.3
Fighting       | |  1.1
Dodging        | |  1.7
Unarmed Combat | |  3.0
Spellcasting   | |  2.0

Action                   |  1- 3 |  4- 6 || total
-------------------------+-------+-------++-------
Melee: Unarmed           |   107 |   114 ||   221
       Kick              |    13 |    19 ||    32
       Headbutt          |    11 |    13 ||    24
       Tailslap          |     7 |    12 ||    19
       Punch             |     3 |     2 ||     5
 Cast: Beastly Appendage |    21 |    19 ||    40
  Use: Potion            |       |     2 ||     2
 Stab: Sleeping          |     1 |     1 ||     2
Armor: Skin              |    30 |    12 ||    42
Dodge: Dodged            |    58 |    62 ||   120

Table legend: (Time is in decaauts)
 A = Elapsed time spent in this place.
 B = Non-inter-level travel time spent in this place.
 C = Inter-level travel time spent in this place.
 D = Time resting spent in this place.
 E = Time spent auto-exploring this place.
 F = Levels seen in this place.
 G = Mean time per level.
                   A        B        C        D        E       F      G
               +--------+--------+--------+--------+--------+-----+--------+
         Total |   3239 |   3190 |     49 |      0 |   2627 |   4 |  809.8 |
       Dungeon |   3239 |   3190 |     49 |      0 |   2627 |   4 |  809.8 |
               +--------+--------+--------+--------+--------+-----+--------+

Top non-repeatable levels by time:
     D:1: 1570 daAuts
     D:2: 955 daAuts
     D:6: 659 daAuts
     D:3: 54 daAuts
